 Dungeon Crawl Stone Soup version 0.23-a0-844-gdc03e01 (webtiles) character file.

14 JeffiDaFish the Grave Robber (level 2, -1/13 HPs)
             Began as a Spriggan Necromancer on Jan 27, 2019.
             Slain by a jackal (3 damage)
             ... on level 1 of the Dungeon.
             The game lasted 00:01:28 (471 turns).

JeffiDaFish the Grave Robber (Spriggan Necromancer)  Turns: 471, Time: 00:01:28

Health: -1/13      AC:  2    Str:  4    XL:     2   Next: 31%
Magic:  7/7        EV: 19    Int: 16    God:
Gold:   27         SH:  0    Dex: 16    Spells: 5/7 levels left

rFire    . . .     SeeInvis +   b - +0 short sword
rCold    . . .     Gourm    .   (shield restricted)
rNeg     . . .     Faith    .   a - +0 robe
rPois    .         Spirit   .   (helmet restricted)
rElec    .         Reflect  .   (no cloak)
rCorr    .         Harm     .   (gloves unavailable)
MR       .....                  (boots unavailable)
Stlth    ++........             (no amulet)
HPRegen  0.04/turn              d - +1 ring of evasion
MPRegen  0.10/turn              (no ring)

@: very quick
A: very small, unfitting armour, see invisible, herbivore, speed 3, slow
metabolism 2
a: no special abilities


You were on level 1 of the Dungeon.
You were not hungry.

You visited 1 branch of the dungeon, and saw 1 of its levels.

You collected 27 gold pieces.

Inventory:

Hand Weapons
 b - a +0 short sword (weapon)
Armour
 a - a +0 robe (worn)
Jewellery
 d - a +1 ring of evasion (left hand)
Comestibles
 c - 3 rations


   Skills:
 + Level 3.3 Dodging
 + Level 3.3 Stealth
 * Level 3.2 Spellcasting
 + Level 3.7 Necromancy


You had 5 spell levels left.
You knew the following spells:

 Your Spells              Type           Power        Failure   Level  Hunger
a - Pain                  Necr           ##..         4%          1    None
b - Animate Skeleton      Necr           N/A          4%          1    None

Your spell library contained the following spells:

 Spells                   Type           Power        Failure   Level  Hunger
 Vampiric Draining        Necr           ##........   12%         3    ###....
 Regeneration             Chrm/Necr      #.........   26%         3    ###....
 Animate Dead             Necr           N/A          36%         4    ####...


Dungeon Overview and Level Annotations

Branches:
Dungeon (1/15)

Altars:


Innate Abilities, Weirdness & Mutations

You are very small and have problems with some larger weapons.
You are too small for most types of armour.
You have supernaturally acute eyesight. (SInv)
You are a herbivore.
You cover ground extremely quickly.
You need to consume almost no food.


Message History

You miss the jackal. The jackal barely misses you. The jackal misses you.
The jackal barely misses you.
Your hobgoblin skeleton barely misses the jackal.
The jackal bites you.
You are too injured to fight recklessly!
You are too injured to fight recklessly!
You are too injured to fight recklessly!
You are too injured to fight recklessly!
You are too injured to fight recklessly!
You are too injured to fight recklessly!
You are too injured to fight recklessly!
You are too injured to fight recklessly!
You barely miss the jackal. The jackal closely misses you.
The jackal bites you.
* * * LOW HITPOINT WARNING * * *
The jackal completely misses you.
Your hobgoblin skeleton closely misses the jackal.
The jackal closely misses you. The jackal barely misses you.
You closely miss the jackal. The jackal misses you. The jackal bites you.
You die...

#........# #.>
#........# #..
#........# #..
#........# #..
#........# ##'
#........# #.
#........# #%
#........##### #.
#..[.@h.).....#######.
#(..hh.Z..............
#.....................
#....###..............
#.... #..............
#.... ..............
#.... ......#######+
#.... .... ...


You could see 3 jackals and a friendly hobgoblin skeleton.

Vanquished Creatures
  A dart slug (D:1)
  A leopard gecko (D:1)
  2 bats (D:1)
  2 hobgoblins (D:1)
  A jackal (D:1)
  A kobold (D:1)
  2 rats (D:1)
10 creatures vanquished.

Vanquished Creatures (collateral kills)
  A rat (D:1)
1 creature vanquished.

Grand Total: 11 creatures vanquished

Notes
Turn   | Place    | Note
-------+----------+-------------------------------------------
     0 | D:1      | JeffiDaFish the Spriggan Necromancer began the quest for
                  | the Orb.
     0 | D:1      | Reached XP level 1. HP: 9/9 MP: 5/5
   220 | D:1      | Learned a level 1 spell: Animate Skeleton
   308 | D:1      | Reached XP level 2. HP: 7/13 MP: 5/7
   471 | D:1      | Slain by a jackal

Vault maps used:
D:1:      minmay_arrival_widening_spiral_wide, minmay_misc_feat_pillars

Skill      XL: |  1 |
---------------+----+-----
Spellcasting   | 3 |  3.2
Dodging        | |  3.3
Stealth        | |  3.3
Necromancy     | |  3.7

Action                   || total
-------------------------++-------
Melee: Short sword       ||    20
 Cast: Pain              ||    10
       Animate Skeleton  ||     1
  Use: Scroll            ||     1
       Potion            ||     1
 Stab: Sleeping          ||     2
Armor: Robe              ||     2
Dodge: Dodged            ||    39

Table legend:
 A = Non-vault XP
 B = Vault XP
 C = Vault XP percentage of total XP
 D = Non-vault monster count
 E = Vault monster count
 F = Vault count percentage of total count
                 A         B        C        D         E       F
            +---------+---------+-------+---------+---------+-------
      Total |      21 |       0 |   0.0 |      11 |       0 |   0.0
            +---------+---------+-------+---------+---------+-------
        D:1 |      21 |       0 |   0.0 |      11 |       0 |   0.0
            +---------+---------+-------+---------+---------+-------
